Map: Oxide LE

Players

ViBE - Winner!

  • Race: Protoss Protoss
  • League: Diamond

Orion

  • Race: Protoss Protoss
  • League: Master

VOD

https://youtu.be/32GG_FKj8ro?t=31137

Description

Time

  • Played on: April 28, 2021, 11:26 p.m.
  • Length: 9:33
Show
View Real Time Build Order
Export as new Build Order

ViBE Protoss - Winner!

Build Orders:  

Get SALT Encoding   

  12  0:00  Probe  
  13  0:12  Probe  
  14  0:18  Pylon  
  14  0:24  Probe  
  15  0:36  Probe (Chrono Boost)  
  15  0:37  Gateway  
  16  0:43  Assimilator  
  16  0:48  Probe (Chrono Boost)  
  17  0:54  Probe (Chrono Boost)  
  18  1:03  Probe  
  19  1:15  Probe (Chrono Boost)  
  20  1:22  Gateway  
  20  1:24  Cybernetics Core  
  21  1:26  Probe (Chrono Boost)  
  21  1:31  Probe (Chrono Boost)  
  21  1:34  Assimilator  
  21  1:35  Pylon  
  22  1:41  Probe  
  23  2:01  Stalker  
  25  2:02  Probe  
  26  2:09  Stalker  
  26  2:11  Warp Gate  
  28  2:16  Pylon  
  28  2:18  Probe  
  29  2:31  Stalker  
  29  2:36  Probe  
  32  2:39  Stalker  
  34  2:54  Nexus  
  34  2:57  Probe (Chrono Boost)  
  35  3:06  Stalker  
  35  3:09  Probe (Chrono Boost)  
  38  3:13  Pylon  
  38  3:24  Probe (Chrono Boost)  
  39  3:37  Probe (Chrono Boost)  
  39  3:39  Stalker x2  
  44  3:43  Probe (Chrono Boost)  
  45  3:49  Twilight Council  
  45  3:51  Probe  
  46  3:57  Gateway  
  46  4:03  Probe  
  47  4:10  Probe  
  47  4:15  Probe  
  49  4:17  Stalker x2  
  49  4:23  Probe  
  54  4:25  Blink (Chrono Boost)  
  54  4:27  Probe  
  55  4:36  Probe  
  55  4:37  Pylon  
  56  4:41  Pylon  
  56  5:00  Stalker x3  
  56  5:01  Probe x2  
  56  5:06  Nexus  
  64  5:09  Pylon  
  64  5:25  Stalker x3  
  70  5:37  Forge  
  70  5:38  Probe x2 (Chrono Boost)  
  70  5:40  Robotics Facility  
  72  5:49  Pylon  
  74  5:50  Probe x2 (Chrono Boost)  
  74  5:51  Stalker x2  
  74  5:54  Stalker  
  80  6:03  Probe x2  
  82  6:15  Probe x2  
  82  6:17  Stalker x2  
  82  6:18  Stalker  
  88  6:20  Probe  
  89  6:27  Probe x2  
  89  6:32  Probe  
  92  6:39  Probe x2  
  94  6:44  Probe  
  95  6:51  Probe x2  
  97  6:56  Probe  
  97  6:57  Stalker x3  
  97  7:01  Nexus  
  104  7:02  Protoss Ground Weapons Level 1 (Chrono Boost), Pylon  
  104  7:03  Probe x2  
  104  7:08  Probe  
  107  7:15  Probe x2  
  109  7:18  Pylon  
  109  7:19  Gateway  
  109  7:20  Gateway, Charge (Chrono Boost)  
  109  7:22  Gateway  
  109  7:25  Gateway  
  109  7:27  Gateway x2  
  109  7:30  Gateway  
  109  7:34  Observer  
  110  7:38  Zealot x3  
  116  7:45  Gateway  
  116  7:47  Gateway  
  116  7:54  Probe x3  
  119  8:02  Pylon  
  119  8:04  Pylon  
  119  8:06  Zealot x3  
  119  8:07  Pylon  
  119  8:09  Pylon  
  119  8:10  Pylon  
  119  8:11  Pylon  
  128  8:12  Probe x3  
  128  8:13  Pylon  
  128  8:15  Probe, Pylon  
  129  8:24  Probe x2  
  129  8:26  Zealot  
  129  8:27  Zealot x4  
  135  8:41  Zealot x7  
  149  8:50  Zealot x5  
  149  8:54  Warp Prism  
  161  9:04  Zealot  
  161  9:05  Zealot x5  
  163  9:19  Zealot x6  
Show
View Real Time Build Order
Export as new Build Order

Orion Protoss 

Build Orders:  

Get SALT Encoding   

  12  0:00  Probe  
  13  0:13  Probe  
  14  0:19  Pylon  
  14  0:25  Probe  
  15  0:37  Probe (Chrono Boost)  
  15  0:39  Gateway  
  16  0:46  Probe (Chrono Boost)  
  17  0:50  Assimilator  
  17  0:52  Probe  
  18  1:00  Assimilator  
  18  1:04  Probe (Chrono Boost)  
  19  1:13  Probe (Chrono Boost), Gateway  
  19  1:18  Probe (Chrono Boost)  
  21  1:28  Cybernetics Core  
  21  1:30  Probe  
  22  1:37  Pylon  
  22  1:43  Probe  
  23  1:56  Probe  
  24  2:05  Warp Gate (Chrono Boost), Sentry (Chrono Boost)  
  24  2:07  Pylon  
  28  2:13  Stalker (Chrono Boost), Pylon  
  28  2:24  Robotics Facility  
  28  2:49  Nexus  
  28  2:53  Probe  
  29  3:02  Pylon  
  29  3:05  Probe  
  30  3:21  Immortal  
  33  3:28  Probe  
  32  3:40  Probe  
  33  3:52  Probe, Gateway  
  33  3:53  Stalker  
  36  3:56  Sentry  
  36  4:00  Observer  
  39  4:05  Probe (Chrono Boost)  
  39  4:08  Probe (Chrono Boost)  
  41  4:16  Probe (Chrono Boost), Gateway  
  43  4:18  Probe (Chrono Boost)  
  43  4:20  Sentry  
  46  4:25  Probe (Chrono Boost)  
  46  4:26  Probe (Chrono Boost)  
  46  4:31  Probe x2 (Chrono Boost)  
  49  4:40  Pylon  
  49  4:43  Warp Prism, Probe  
  52  4:46  Sentry  
  54  4:55  Stalker  
  54  4:59  Shield Battery  
  56  5:05  Probe  
  57  5:07  Pylon  
  57  5:09  Pylon  
  57  5:13  Probe  
  58  5:14  Pylon  
  58  5:22  Stalker x2  
  62  5:33  Probe  
  63  5:37  Probe, Assimilator  
  63  5:39  Pylon  
  64  5:45  Zealot x2, Stalker  
  64  5:46  Zealot  
  72  6:05  Twilight Council  
  72  6:08  Probe  
  73  6:18  Immortal (Chrono Boost), Nexus  
  67  6:19  Pylon  
  67  6:23  Probe x2  
  73  6:35  Probe, Blink (Chrono Boost)  
  73  6:37  Probe  
  75  6:45  Stalker x3  
  81  6:47  Probe  
  81  6:49  Probe  
  83  6:59  Probe  
  83  7:01  Probe  
  83  7:03  Immortal (Chrono Boost)  
  87  7:09  Shield Battery  
  87  7:11  Probe, Pylon  
  87  7:13  Probe  
  89  7:19  Gateway  
  89  7:22  Gateway  
  89  7:23  Probe  
  89  7:25  Probe  
  91  7:35  Probe x2  
  93  7:37  Probe  
  93  7:42  Stalker  
  93  7:43  Stalker x3  
  102  7:47  Probe  
  102  7:48  Probe  
  102  7:50  Warp Prism (Chrono Boost)  
  104  7:54  Probe  
  104  7:58  Pylon  
  107  8:06  Stalker x2  
  107  8:08  Probe  
  107  8:12  Assimilator  
  112  8:17  Forge  
  112  8:18  Stalker  
  112  8:19  Stalker x2  
  112  8:38  Probe  
  113  8:42  Probe  
  113  8:47  Stalker x6  
  126  8:56  Pylon  
  126  8:59  Pylon  
  126  9:05  Probe, Dark Shrine  
  127  9:10  Gateway  
  127  9:12  Gateway, Pylon  
  127  9:15  Pylon  
Tags
 
Matchup
PvP
Player
ViBE
Add a new tag
Caveats
  • Supply blocks, unpowered buildings, or Contaminate may cause inaccurate times.
  • Supply counts are checked every 10 seconds.